 Dungeon Crawl Stone Soup version 0.27.0-1-g7a089689b8 (webtiles) character file.

Game seed: 15381277176413945238

25557 belegose the Chucker (level 12, -8/95 HPs)
             Began as a Demigod Brigand on Aug 17, 2021.
             Killed by divine providence
             ... invoked by a smoke demon
              (13 damage)
             ... on level 2 of the Abyss on Aug 18, 2021.
             The game lasted 01:32:55 (18752 turns).

belegose the Chucker (Demigod Brigand)             Turns: 18752, Time: 01:32:56

Health: -8/95      AC:  9    Str: 16      XL:     12   Next: 54%
Magic:  24/24      EV: 15    Int: 21 (25) God:
Gold:   788        SH:  6    Dex: 20      Spells: 11/21 levels left

rFire    . . .     SeeInvis .   A - +8 whip of Fortitude {vorpal, Fragile Dex+5}
rCold    + . .     Faith    .   K - +0 buckler
rNeg     + . .     Spirit   .   V - +0 troll leather armour
rPois    .         Reflect  .   (no helmet)
rElec    +         Harm     .   c - +0 cloak
rCorr    +         Rampage  .   m - +1 pair of gloves
Will     +....                  g - +1 pair of boots
Stlth    +++.......             G - macabre finger necklace {rN+}
HPRegen  0.00/turn              k - ring of Venitwucw {Wiz rElec rC+}
MPRegen  0.19/turn              t - +4 ring of slaying
                                I - ring of resist corrosion

@: inhibited regen, diseased
A: high mp 1, forlorn, [deformed body], [screaming 1], [inhibited regeneration]
a: no special abilities


You were on level 2 of the Abyss.
You visited 4 branches of the dungeon, and saw 16 of its levels.
You visited the Abyss 1 time.
You also visited: Bailey.

You collected 788 gold pieces.

Inventory:

Hand Weapons
 r - a +2 dagger of venom
 w - a +2 vorpal hand crossbow
 y - a +3 scimitar of freezing
 A - the +8 whip of Fortitude (weapon) {vorpal, Fragile Dex+5}
   (You found it on level 4 of the Dungeon)

   It inflicts extra damage upon your enemies.
   Dex:       It affects your dexterity (+5).
   Fragile:   It will be destroyed if unequipped.
 M - a +2 whip of electrocution
 X - a +2 scimitar of flaming
Missiles
 d - 51 poisoned darts
 e - 8 curare-tipped darts
 q - 77 boomerangs (quivered)
 x - 131 bolts
 U - a throwing net
Armour
 c - a +0 cloak (worn)
 g - a +1 pair of boots (worn)
 m - a +1 pair of gloves (worn)
 p - a +0 scale mail of cold resistance
 u - the +15 Maxwell's patent armour {-Cast -Tele rElec Will+ rCorr}
   (You found it on level 8 of the Dungeon)

   rElec:     It insulates you from electricity.
   -Cast:     It prevents spellcasting.
   -Tele:     It prevents most forms of teleportation.
   rCorr:     It protects you from acid and corrosion.
   Will:      It increases your willpower.
 K - a +0 buckler (worn)
 O - a scarf of invisibility
 V - a +0 troll leather armour (worn)
Magical Staves
 n - a staff of air
Jewellery
 k - the ring of Venitwucw (left hand) {Wiz rElec rC+}
   (You acquired it on level 11 of the Dungeon)

   [ring of wizardry]

   It improves your spell success rate.
   rC:        It protects you from cold.
   rElec:     It insulates you from electricity.
 o - an amulet of regeneration
 t - a +4 ring of slaying (right hand)
 D - a ring of fire
 G - the macabre finger necklace (around neck) {rN+}
   (You found it on level 6 of the Dungeon)

   [amulet of nothing]

   It enables you to equip an extra ring.
   rN:        It protects you from negative energy.
 I - a ring of resist corrosion (on amulet)
 Y - a +4 ring of evasion
Wands
 E - a wand of iceblast (8)
 J - a wand of paralysis (34)
 L - a wand of charming (4)
 N - a wand of polymorph (13)
Scrolls
 a - 9 scrolls of identify
 v - a scroll of magic mapping
 F - 3 scrolls of teleportation
Potions
 b - 7 potions of curing
 f - 4 potions of mutation {unknown}
 h - 2 potions of berserk rage
 i - 4 potions of brilliance {unknown}
 j - 4 potions of heal wounds {unknown}
 l - 3 potions of degeneration {unknown}
 s - a potion of invisibility {unknown}
 z - 2 potions of resistance
 B - a potion of flight {unknown}
 C - 9 potions of ambrosia
 H - 6 potions of haste {unknown}
 P - 2 potions of experience {unknown}
 Q - 2 potions of lignification {unknown}
 R - 2 potions of cancellation {unknown}
 S - a potion of attraction {unknown}
 T - a potion of might
Miscellaneous
 W - a tin of tremorstones (2/2)


   Skills:
 - Level 5.8 Fighting
 - Level 3.1 Short Blades
 - Level 3.5 Maces & Flails
 - Level 0.2(2.1) Staves
 - Level 7.5 Throwing
 - Level 6.7 Armour
 + Level 6.1 Dodging
 - Level 5.0 Stealth
 - Level 4.2 Shields
 - Level 5.4 Spellcasting
 + Level 5.9 Summonings
 - Level 4.0 Translocations
 + Level 3.8 Transmutations
 + Level 4.6 Air Magic
 - Level 2.2 Earth Magic
 - Level 7.3 Evocations


You had 11 spell levels left.
You knew the following spells:

 Your Spells              Type           Power      Damage    Failure   Level
a - Blink                 Tloc           N/A        N/A       1%          2
b - Call Canine Familiar  Summ           30%        N/A       1%          3
c - Passwall              Tmut/Erth      15%        N/A       2%          2
d - Swiftness             Air            25%        N/A       2%          3

Your spell library contained the following spells:

 Spells                   Type           Power      Damage    Failure   Level
 Sandblast                Erth           30%        2d9       1%          1
 Portal Projectile        Hex/Tloc       28%        N/A       6%          3
 Manifold Assault         Tloc           22%        N/A       26%         5
 Leda's Liquefaction      Hex/Erth       5%         N/A       30%         4
 Lee's Rapid Deconstruct  Erth           7%         3d8*      45%         5
 Invisibility             Hex            2%         N/A       99%         6
 Storm Form               Tmut/Air       11%        N/A       99%         7
 Borgnjor's Revivificati  Necr           2%         N/A       100%        8
 Necromutation            Tmut/Necr      6%         N/A       100%        8
 Death's Door             Necr           2%         N/A       100%        9


Dungeon Overview and Level Annotations

Branches:
Dungeon (11/15)            Temple (1/1) D:4            Lair (3/6) D:9
  Swamp (0/4) Lair:2          Orc (1/2) D:9          Bailey (visited)
  Snake: Lair:2-4    Spider: Lair:2-4

Annotations:
D:5 2 transporters, exclusion: ice beast, Thraspic's ghost, novice SpBr
D:7 exclusion: ugly thing
D:8 exclusion: two-headed ogre
D:11 exclusion: door
Lair:1 exclusions: 2 black mambas and hydra
Lair:2 exclusion: hydra
Orc:1 Erolcha


Innate Abilities, Weirdness & Mutations

Your attributes grow dramatically as you level up.
You have an increased reservoir of magic. (+10% MP)
You shall have no god before yourself.
[Armour fits poorly on your strangely shaped body.]
[You occasionally shout uncontrollably at your foes.]
[You do not regenerate when monsters are visible.]


Message History

Strange energies course through your body.
You can once more read scrolls while threatened.
The smoke demon roars!
A smoke demon comes into view.
The neqoxec gestures at you.
Strange energies course through your body.
An orange demon comes into view.
The orange demon screeches!
The smoke demon roars!
The neqoxec gestures at you.
You feel dopey. Something feeds on your intellect!
A hell hog comes into view.
An ancient zyme comes into view.
The hellwing swoops through the air toward you!
The hellwing closely misses you. The hellwing hits you.
The smoke demon gestures at you. The ball of steam hits you!
* * * LOW HITPOINT WARNING * * *
You feel ill. The hellwing misses you.
The hellwing hits you but does no damage.
A small abomination comes into view.
The hell hog squeals angrily.
You hear an angry squeal.
The hellwing barely misses you.
The hellwing hits you but does no damage.
The ice dragon zombie is engulfed in a cloud of scalding steam.
The small abomination completely misses you.
You feel ill.
A tentacled starspawn comes into view.
The small abomination misses you. The small abomination hits you!
* * * LOW HITPOINT WARNING * * *
2 starspawn tentacles come into view.
The small abomination closely misses you.
The hell hog barely misses you. The small abomination hits you!
* * * LOW HITPOINT WARNING * * *
You feel ill.
A water elemental comes into view.
The smoke demon gestures at you. Something smites you!
You die...

##..##.. #..##..
.......§....... ..
..................
##..##3Z##3.##..#
##..##.h##..##..##
......x.x........
.........4.........
.##..##..##h.##..#
#.. #..##.@# ...
.....X...E..... ...
................
.##..##..##..##..##.
#.│ #..≈≈≈≈≈ ≈.# ..
.......≈≈ ≈≈≈ ..
...... ≈≈≈ .##..##
##≈


You could see a tentacled starspawn, 2 hell hogs, an ancient zyme, a hellwing, a
water elemental (wandering), 2 smoke demons, a small abomination and an ice
dragon zombie.

Vanquished Creatures
  A hydra (D:11)
  A two-headed ogre (D:9)
  Nergalle (D:9)
  A wretched star (Abyss:2)
  A deep troll (D:10)
  A bog body (Lair:2)
  Pikel (D:8)
  A manticore (D:11)
  2 cyclopes
  An elephant (Lair:2)
  A centaur zombie (D:6)
  Joseph (D:8)
  2 rust devils (Abyss:2)
  Maggie (D:8)
  2 smoke demons (Abyss:2)
  5 cane toads
  5 komodo dragons
  An efreet (Abyss:2)
  An ancient zyme (Abyss:2)
  A queen bee (D:10)
  A troll (D:10)
  A raiju (Abyss:2)
  2 blink frogs
  A wraith (D:11)
  29 yaks
  A basilisk (Lair:1)
  Eustachio (D:5)
  A chaos spawn (Abyss:2)
  2 steam dragons (D:9)
  Menkaure (D:6)
  2 wargs (D:9)
  An acid dragon (D:9)
  9 water moccasins
  6 orc warriors
  An ice beast (D:6)
  3 black bears
  A hornet zombie (D:6)
  3 sky beasts
  2 necrophages
  5 ogres
  9 wolves (Lair:3)
  A small abomination (Abyss:2)
  A tengu (D:8)
  4 bullfrogs
  5 kobold brigands
  2 gnoll sergeants
  2 scorpions
  2 wyvern zombies
  2 water moccasin skeletons
  29 killer bees
  5 wights (D:9)
  5 electric eels (D:11)
  A howler monkey (D:4)
  A bullfrog zombie (D:6)
  A bullfrog skeleton (D:6)
  4 hounds
  6 jellies
  2 orc priests
  A gnoll shaman (D:4)
  11 orc wizards
  Natasha (D:2)
  27 gnolls
  8 adders
  A howler monkey skeleton (D:6)
  An ufetubus (Abyss:2)
  2 worms
  5 dart slugs
  34 orcs
  13 ball pythons
  4 bats
  7 endoplasms
  3 giant cockroaches
  5 goblins
  16 hobgoblins
  10 jackals
  6 quokkas
  49 kobolds
  4 rats
  A butterfly (D:4)
395 creatures vanquished.

Vanquished Creatures (collateral kills)
  A cane toad (Lair:2)
  A komodo dragon (Lair:3)
  A blink frog (Lair:3)
  2 yaks (Lair:1)
  An electric eel (D:11)
6 creatures vanquished.

Vanquished Creatures (others)
  A killer bee (D:10)
  An orc (Orc:1)
  13 fungi
  33 plants
  2 starspawn tentacles (Abyss:2)
50 creatures vanquished.

Grand Total: 451 creatures vanquished

Notes
Turn   | Place    | Note
-------+----------+-------------------------------------------
     0 | D:1      | belegose the Demigod Brigand began the quest for the Orb.
     0 | D:1      | Reached XP level 1. HP: 17/17 MP: 3/3
   489 | D:1      | Reached XP level 2. HP: 23/24 MP: 4/4
   857 | D:1      | Reached skill level 1 in Armour
   992 | D:1      | Reached XP level 3. HP: 26/29 MP: 5/5
  2216 | D:2      | Reached XP level 4. HP: 37/37 MP: 6/6
  2658 | D:3      | Noticed Natasha
  2663 | D:2      | Killed Natasha
  3000 | D:3      | Reached XP level 5. HP: 42/42 MP: 7/7
  3476 | D:3      | Learned a level 2 spell: Blink
  3505 | D:4      | Noticed an ogre
  3621 | D:4      | Noticed a black bear
  3631 | D:4      | Killed a black bear
  3632 | D:4      | Reached XP level 6. HP: 51/51 MP: 8/8
  3694 | D:4      | Reached skill level 1 in Translocations
  4040 | D:4      | Found a staircase to the Ecumenical Temple.
  4062 | Temple   | Entered the Ecumenical Temple
  4196 | D:4      | Reached skill level 5 in Stealth
  4196 | D:4      | Reached XP level 7. HP: 57/57 MP: 9/9
  4885 | D:4      | Identified the +8 whip of Fortitude {vorpal, Fragile Dex+5}
  5052 | D:5      | Entered Level 5 of the Dungeon
  5426 | D:5      | Noticed Eustachio
  5438 | D:4      | Reached skill level 1 in Maces & Flails
  5438 | D:4      | Reached skill level 1 in Spellcasting
  5503 | D:5      | Killed Eustachio
  5549 | D:5      | Found a transporter.
  5552 | D:5      | Found a transporter.
  5571 | D:5      | Noticed Thraspic's ghost (novice SpBr)
  5590 | D:5      | Noticed a hornet
  5670 | D:5      | Reached XP level 8. HP: 64/64 MP: 13/13
  6071 | D:6      | Found the macabre finger necklace {rN+}
  6084 | D:6      | Noticed Menkaure
  6133 | D:6      | Killed Menkaure
  6383 | D:6      | Reached skill level 5 in Throwing
  6476 | D:6      | Reached XP level 9. HP: 70/70 MP: 17/17
  6721 | D:7      | Noticed a brown ugly thing
  6893 | D:7      | Reached skill level 5 in Armour
  6893 | D:7      | Reached skill level 1 in Evocations
  7676 | D:8      | Noticed Pikel
  7678 | D:8      | Noticed Maurice
  7797 | D:8      | Noticed Maggie
  7907 | D:8      | Killed Maggie
  8194 | D:8      | Noticed Joseph
  8200 | D:8      | Reached XP level 10. HP: 68/77 MP: 21/21
  8214 | D:8      | Killed Joseph
  8215 | D:8      | Reached skill level 5 in Spellcasting
  8259 | D:8      | Noticed a two-headed ogre
  8380 | D:8      | Found the +15 Maxwell's patent armour {-Cast -Tele rElec
                  | Will+ rCorr}
  8627 | D:8      | Killed Pikel
  8914 | D:9      | Identified the +1 chain mail "Ovvodam" {Int+5}
  9022 | D:9      | Reached skill level 1 in Shields
  9054 | D:9      | Found a staircase to the Orcish Mines.
  9275 | D:9      | Reached skill level 5 in Evocations
  9334 | D:9      | Noticed a two-headed ogre
  9356 | D:9      | Killed a two-headed ogre
  9501 | D:9      | Reached skill level 5 in Fighting
  9518 | D:9      | Found a staircase to the Lair.
  9744 | D:9      | Noticed a cyclops
  9754 | D:9      | Killed a cyclops
 10089 | D:10     | Entered Level 10 of the Dungeon
 10563 | D:9      | Reached XP level 11. HP: 85/88 MP: 23/23
 11491 | D:10     | Learned a level 3 spell: Call Canine Familiar
 11635 | D:10     | Reached skill level 1 in Dodging
 12297 | D:8      | Noticed Maurice
 12297 | D:8      | Maurice changed into Maurice the tengu
 12303 | D:8      | Killed Maurice the tengu
 12593 | Orc:1    | Entered Level 1 of the Orcish Mines
 12593 | Orc:1    | Noticed Nergalle
 12593 | Orc:1    | Noticed Erolcha
 12722 | Lair:1   | Entered Level 1 of the Lair of Beasts
 12736 | Lair:1   | Reached skill level 1 in Summonings
 13830 | Lair:1   | You fall into a shaft and drop 1 floor!
 13881 | Lair:2   | Noticed an eight-headed hydra
 13932 | Lair:1   | Noticed an eight-headed hydra
 14799 | Lair:1   | Learned a level 2 spell: Passwall
 14803 | Lair:1   | Learned a level 3 spell: Swiftness
 15041 | Lair:2   | Reached skill level 1 in Air Magic
 15041 | Lair:2   | Reached skill level 1 in Earth Magic
 15063 | Lair:2   | Found a staircase to the Swamp.
 15063 | Lair:2   | Noticed a bog body
 15093 | Lair:2   | Killed a bog body
 16166 | Lair:3   | Noticed an eight-headed hydra
 16502 | Lair:3   | Noticed a four-headed hydra
 16560 | Lair:3   | Reached XP level 12. HP: 78/95 MP: 24/24
 16583 | Lair:3   | Reached skill level 1 in Transmutations
 16844 | D:11     | Found a flagged portal.
 16854 | Bailey   | Entered a bailey
 17274 | D:11     | Acquired the ring of Venitwucw {Wiz rElec rC+}
 17416 | D:11     | Reached skill level 5 in Dodging
 17469 | D:11     | Reached skill level 5 in Summonings
 17505 | D:11     | Noticed a four-headed hydra
 17514 | D:11     | Killed a four-headed hydra
 17982 | D:9      | Killed Nergalle
 18254 | Orc:1    | Cast into level 2 of the Abyss (Erolcha)
 18290 | Abyss:2  | Noticed a starcursed mass
 18435 | Abyss:2  | Noticed a lich
 18579 | Abyss:2  | Noticed a Hell Sentinel
 18708 | Abyss:2  | Gained mutation: You sometimes lose the ability to read
                  | scrolls when taking damage. [a neqoxec]
 18730 | Abyss:2  | Lost mutation: You sometimes lose the ability to read
                  | scrolls when taking damage. [a neqoxec]
 18748 | Abyss:2  | Noticed a tentacled starspawn
 18752 | Abyss:2  | Killed from afar by a smoke demon

Illustrated notes

Levels and vault maps discovered:
D:1:      onia_arrival_mini_spirals, layout_loops_ring
D:2:      layout_basic, basic_altar, shapermc_ecumenical_altar_mp_urbaneastern
D:3:      layout_loops_ring, uniq_natasha
D:4:      layout_basic, yredelemnul_altar_generic,
          beargit_hepliaklqana_dungeon_heroes, minmay_temple_entry_butterflies,
          grunt_ministairs_7, minmay_misc_feat_tower,
          amcnicky_mini_corridor_feature
D:5:      layout_cave_pools, gammafunk_ghost_hive, uniq_eustachio
D:6:      layout_basic, uniq_menkaure
D:7:      layout_gridville, mainiacjoe_overflow_big_doors,
          minmay_misc_feat_doors
D:8:      layout_basic, uniq_maurice, uniq_maggie, uniq_joseph, uniq_pikel
D:9:      layout_basic, david_lair_shrubbed, orc_0_dummy, lightli_minifort
D:10:     layout_grid_maze, special_room [special_room_bee]
D:11:     lemuel_troll_bridge, layout_loops_ring, enter_bailey_8
Temple:   dpeg_five_rooms_temple
Lair:1:   layout_small_grid
Lair:2:   layout_cave_pods, skrybe_swamp_entry_bodies, special_room
Lair:3:   layout_long_grid, special_room, st_stairs_6, grunt_megastairs_1,
          lemuel_fruit_fields
Orc:1:    layout_caves, uniq_sonja, uniq_nergalle, uniq_erolcha
Abyss:2:  base: Temple, evilmike_abyss_exit_plants, evilmike_abyss_exit_12,
          hangedman_shadowy_showcase

Skill      XL: |  1  2  3  4  5  6  7  8  9 10 11 12 |
---------------+-------------------------------------+-----
Fighting       | 2 3 5 |  5.8
Throwing       | 2 3 4 5 6 7 |  7.5
Armour         | 1 2 3 4 6 |  6.7
Stealth        | 4 5 |  5.0
Short Blades   | 2 3 |  3.1
Translocations | 1 2 4 |  4.0
Maces & Flails | 1 3 |  3.5
Spellcasting   | 1 3 4 5 |  5.4
Evocations     | 3 5 7 |  7.3
Shields        | 3 4 |  4.2
Dodging        | 4 6 |  6.1
Summonings     | 4 5 |  5.9
Air Magic      | 2 4 |  4.6
Earth Magic    | 2 |  2.2
Transmutations | 3 |  3.8
Staves         | |  0.2

Action                   |  1- 3 |  4- 6 |  7- 9 | 10-12 || total
-------------------------+-------+-------+-------+-------++-------
Melee: Dagger            |   136 |       |       |       ||   136
       Short sword       |    35 |   136 |     1 |       ||   172
       Whip              |       |       |   194 |   800 ||   994
       Quarterstaff      |       |       |     8 |       ||     8
Throw: Dart              |     9 |    16 |    38 |    73 ||   136
       Stone             |       |    12 |    42 |    28 ||    82
       Boomerang         |       |       |       |    36 ||    36
 Cast: Call Canine Famil |       |       |       |    24 ||    24
       Blink             |       |       |       |     2 ||     2
Evoke: Wand              |       |       |     3 |    10 ||    13
  Use: Scroll            |       |     3 |       |    14 ||    17
       Potion            |       |       |     2 |       ||     2
 Stab: Sleeping          |     6 |     5 |     4 |     4 ||    19
       Distracted        |       |     2 |     2 |     5 ||     9
       Paralysed         |       |       |       |     2 ||     2
Armor: Robe              |    52 |    36 |       |       ||    88
       Leather armour    |       |     2 |    38 |       ||    40
       Ring mail         |       |       |    44 |    86 ||   130
       Steam dragon scal |       |       |       |    76 ||    76
       Troll leather arm |       |       |       |    27 ||    27
       Plate armour      |       |       |       |    24 ||    24
Dodge: Dodged            |    77 |    43 |    97 |   403 ||   620
Block: Buckler           |       |       |       |   194 ||   194
